 Dungeon Crawl Stone Soup version 0.28.0-53-g5a82cb258f (webtiles) character file.

Game seed: 18143146707191481395

1520 mortz the Conjurer (level 8, 0/58 HPs)
             Began as a Demigod Conjurer on July 15, 2022.
             Killed from afar by an orc wizard (8 damage)
             ... with a magic dart
             ... on level 6 of the Dungeon.
             The game lasted 00:39:54 (8878 turns).

mortz the Conjurer (Demigod Conjurer)               Turns: 8878, Time: 00:39:54

Health: 0/58       AC:  5    Str:  8    XL:     8   Next: 29%
Magic:  15/19      EV: 11    Int: 28    God:
Gold:   154        SH:  5    Dex: 12    Spells: 11/18 levels left

rFire   . . .      SeeInvis .   h - +4 short sword (spect) {short}
rCold   . . .      Faith    .   (no shield)
rNeg    . . .      Spirit   .   c - +0 leather armour
rPois   .          Reflect  +   l - +0 helmet
rElec   .          Harm     .   (no cloak)
rCorr   .          Rampage  .   (no gloves)
Will    .....                   f - +0 pair of boots
Stlth   ++........              j - amulet of reflection
HPRegen 0.19/turn               o - ring of wizardry
MPRegen 0.16/turn               q - +4 ring of slaying

@: no status effects
A: high MP 1, forlorn, divine attributes
a: no special abilities


You were on level 6 of the Dungeon.
You visited 1 branch of the dungeon, and saw 6 of its levels.
You also visited: Ossuary.

You collected 154 gold pieces.


Innate Abilities, Weirdness & Mutations

You have an increased reservoir of magic. (+10% MP)
You shall have no god before yourself.
Your divine heritage dramatically boosts your attributes as you level up.


   Skills:
 + Level 0.9 Fighting
 + Level 0.3 Short Blades
 + Level 3.3 Armour
 + Level 2.2 Dodging
 + Level 2.6 Stealth
 + Level 5.5 Spellcasting
 + Level 6.1 Conjurations
 * Level 3.8 Translocations


You had 11 spell levels left.
You knew the following spells:

 Your Spells              Type           Power      Damage    Failure   Level
a - Magic Dart            Conj           100%       1d8       1%          1
b - Searing Ray           Conj           84%        2d7       1%          2
c - Iskenderun's Mystic   Conj/Tloc      35%        2d8       4%          4

Your spell library contained the following spells:

 Spells                   Type           Power      Damage    Failure   Level
 Beastly Appendage        Tmut           14%        N/A       3%          1
 Dazzling Flash           Conj/Hex       50%        N/A       3%          3
 Wereblood                Tmut           7%         N/A       6%          2
 Spider Form              Tmut/Pois      7%         N/A       11%         3
 Fulminant Prism          Conj/Hex       12%        3d9       11%         4
 Summon Forest            Summ/Tloc      9%         N/A       41%         5
 Conjure Ball Lightning   Conj/Air       12%        3x3d6     80%         6
 Eringya's Noxious Bog    Tmut/Pois      3%         N/A       99%         6
 Summon Hydra             Summ           3%         N/A       100%        7
 Discord                  Hex            3%         N/A       100%        8
 Disjunction              Tloc           14%        N/A       100%        8

Inventory:

Hand Weapons
 h - a +4 spectral short sword (weapon) {short}
   (You took it off a kobold on level 1 of the Dungeon)
 p - a +0 war axe {axe}
   (You found it on level 4 of the Dungeon)
 s - a +0 trident {polearm}
   (You found it on level 4 of the Dungeon)
 v - a +0 flail of protection {mace}
   (You took it off an orc priest on level 5 of the Dungeon)
Armour
 a - a +0 robe
 b - a +0 ring mail
   (You found it on level 2 of the Dungeon)
 c - a +0 leather armour (worn)
   (You found it on level 1 of the Dungeon)
 f - a +0 pair of boots (worn)
   (You found it on level 3 of the Dungeon)
 l - a +0 helmet (worn)
   (You found it on level 2 of the Dungeon)
Magical Staves
 g - a staff of air {!astaff}
   (You found it on level 5 of the Dungeon)
Jewellery
 j - an amulet of reflection (around neck)
   (You found it on level 4 of the Dungeon)
 o - a ring of wizardry (left hand)
   (You found it on level 4 of the Dungeon)
 q - a +4 ring of slaying (right hand)
   (You found it on level 4 of the Dungeon)
 x - a ring of fire
   (You found it on level 5 of the Dungeon)
Wands
 t - a wand of iceblast (10)
   (You found it on level 5 of the Dungeon)
Scrolls
 i - a scroll of immolation {!r!r}
 r - 3 scrolls of teleportation {@r4}
 w - a scroll of fog
 z - a scroll of torment {unknown}
 A - a scroll of enchant armour {unknown}
Potions
 d - 4 potions of heal wounds {@q2}
 e - 3 potions of attraction {!q}
 k - 2 potions of brilliance
 m - 2 potions of might
 n - 2 potions of curing {@q1}
 u - a potion of flight
 B - a potion of mutation {unknown}

Dungeon Overview and Level Annotations

Branches:
Dungeon (6/15)             Temple (0/1) D:5         Ossuary (visited)

Shops:
D:1 *

Annotations:
D:6 Duvessa, Edmund

## .# ... ###########
#.# ....
.......@..#######.##....
..........O.............
........................
............{(..........
........[.............#.
......................#.
......................#.
.)....................#
....................##


You could see an ogre.


Message History

You hear a shout!
Found a stone staircase leading down.
The water moccasin barely misses you.
Casting: Magic Dart (safe; 1% risk of failure)
Confirm with . or Enter, or press ? or * to list all spells.
Aiming: Searing Ray (safe; 1% risk of failure)
Press: ? - help, Shift-Dir - straight line, p - water moccasin The searing ray hits the water moccasin! (Press . to maintain the ray.)
You block the water moccasin's attack. 😎 MP[-2]
You lost 2 mp, and now have 15/19 mp.
The searing ray hits the water moccasin!
You kill the water moccasin!
You hear a shout! 😎 MP[-1]
You lost 1 mp, and now have 14/19 mp.
An ogre is nearby!
The magic dart hits the ogre but does no damage.
The ogre shouts!
An orc comes into view. It is wielding a +0 club. 😎 MP[-1]
You lost 1 mp, and now have 13/19 mp.
You hear a shout!
Something hits you. 😕 HP[-1] MP[+1]
You take 1 damage, and now have 57/58 hp.
Something hits you. 😕 HP[-1]
You take 1 damage, and now have 56/58 hp.
You hear a shout! x2 😕 HP[+1] 😕 MP[+1]
You hear a shout!
You hear some strange, mumbled words.
You are confused.
You're too confused to move!
You barely miss something.
Your +4 spectral short sword {short} barely misses something.
Something hits you. 😕 HP[-3]
You take 3 damage, and now have 54/58 hp.
You miss something.
Your +4 spectral short sword {short} barely misses something.
Something hits you but does no damage.
You hear a shout!
You hit your +4 spectral short sword {short}.
Your +4 spectral short sword {short} hits itself.
Your spectral weapon shares its damage with you!
Something hits you. 😕 HP[-5] MP[+1]
You take 5 damage, and now have 49/58 hp.
You're too confused to move!
You hear a shout!
Something hits you but does no damage.
The ogre hits you with a +0 giant club! 😮 HP[-12]
You take 12 damage, and now have 37/58 hp.
MASSIVE DAMAGE!! (PAUSE)
You feel less confused.
You hear a shout!
You hit something but do no damage.
Your +4 spectral short sword {short} hits something but does no damage.
Something hits you. The ogre hits you with a +0 giant club!
* * * LOW HITPOINT WARNING * * *
Something hits you.
* * * LOW HITPOINT WARNING * * *
😨 HP[-19]
You take 19 damage, and now have 18/58 hp.
MASSIVE DAMAGE!! (PAUSE)
Casting: Magic Dart (safe; 1% risk of failure)
Confirm with . or Enter, or press ? or * to list all spells.
Okay, then.
Casting: Magic Dart (safe; 1% risk of failure)
Confirm with . or Enter, or press ? or * to list all spells.
You erupt in a blast of force!
The mystic blast hits the ogre!
The ogre is knocked back by the mystic blast.
The mystic blast hits something. 😨 MP[-4]
You lost 4 mp, and now have 12/19 mp.
You hear a shout! x2 😨 MP[+1]
You hear a shout!
A magic dart appears from out of thin air!
The magic dart hits you.
* * * LOW HITPOINT WARNING * * *
😱 HP[-4]
You take 4 damage, and now have 14/58 hp. 😨 HP[+1]
You hear a shout!
A puff of flame appears from out of thin air!
The puff of flame hits you!
* * * LOW HITPOINT WARNING * * *
😱 HP[-9] MP[+1]
You take 9 damage, and now have 6/58 hp. 😱 HP[+1]
You hear a shout! 😱 HP[+1] MP[+1]
You hear a shout!
There is a stone staircase leading up here.
A magic dart appears from out of thin air!
The magic dart hits you!
You die...

Skill      XL: |  1  2  3  4  5  6  7  8 |
---------------+-------------------------+-----
Conjurations   | 4 5 6 |  6.1
Spellcasting   | 2 3 4 5 |  5.5
Dodging        | 2 |  2.2
Stealth        | 2 |  2.6
Armour         | 1 2 3 |  3.3
Translocations | 1 3 |  3.8
Fighting       | |  0.9
Short Blades   | |  0.3

Action                   |  1- 3 |  4- 6 |  7- 9 || total
-------------------------+-------+-------+-------++-------
Melee: Short sword       |     3 |     1 |     4 ||     8
 Cast: Magic Dart        |    77 |    93 |   100 ||   270
       Searing Ray       |     4 |    14 |    34 ||    52
       Iskenderun's Myst |       |       |     4 ||     4
  Use: Scroll            |     2 |    10 |     5 ||    17
Armor: Robe              |    12 |       |       ||    12
       Leather armour    |       |     2 |     8 ||    10
Dodge: Dodged            |    17 |     7 |     7 ||    31
Block: Other             |       |     1 |     5 ||     6
       Reflection        |       |       |     2 ||     2

Levels and vault maps discovered:
D:1:      lightli_arrival_lavapool, layout_basic, serial_shops,
          nicolae_lakefront_shop
D:2:      layout_basic, hangedman_decor_growths, minmay_split_cup_small
D:3:      layout_basic, mainiacjoe_overflow_small_starburst,
          hellmonk_ecumenical_altar_run_dry, uniq_terence
D:4:      layout_layer_cave, minmay_fractal_squares_gapless_5
D:5:      layout_basic, minmay_temple_entry_stoned_glass
D:6:      layout_basic, enter_ossuary_3, uniq_duvessa, uniq_blork_the_orc,
          uniq_edmund

Notes
Turn   | Place    | Note
-------+----------+-------------------------------------------
     0 | D:1      | mortz the Demigod Conjurer began the quest for the Orb.
     0 | D:1      | Reached XP level 1. HP: 14/14 MP: 5/5
     0 | D:1      | magus.rc [v1.9.6]
   263 | D:1      | Reached skill level 4 in Conjurations
   337 | D:1      | Reached XP level 2. HP: 20/20 MP: 0/7
   340 | D:1      | Learned a level 2 spell: Searing Ray
   918 | D:1      | Reached skill level 2 in Spellcasting
   983 | D:1      | Found Eguimum's Assorted Antiques.
  1511 | D:2      | You add the spells Summon Forest, Eringya's Noxious Bog and
                  | Summon Hydra to your library.
  1602 | D:2      | Reached XP level 3. HP: 26/26 MP: 5/8
  1728 | D:2      | You fall into a shaft and drop 2 floors!
  2139 | D:3      | Reached XP level 4. HP: 23/33 MP: 4/10
  2663 | D:2      | You pick up a book of Changes and begin reading...
  2663 | D:2      | You add the spells Beastly Appendage, Wereblood and Spider
                  | Form to your library.
  2736 | D:2      | Reached skill level 2 in Dodging
  3385 | D:3      | Noticed Terence
  3392 | D:3      | Killed Terence
  3393 | D:3      | Reached skill level 2 in Stealth
  3393 | D:3      | Reached skill level 3 in Spellcasting
  3703 | D:3      | Reached skill level 5 in Conjurations
  3703 | D:3      | Reached XP level 5. HP: 38/38 MP: 6/12
  4389 | D:4      | Reached skill level 1 in Armour
  4552 | D:4      | Learned a level 4 spell: Iskenderun's Mystic Blast
  4615 | D:4      | Reached XP level 6. HP: 46/46 MP: 6/14
  5251 | D:5      | Entered Level 5 of the Dungeon
  5326 | D:5      | Found a staircase to the Ecumenical Temple.
  5360 | D:5      | Reached skill level 1 in Translocations
  5449 | D:5      | Reached skill level 4 in Spellcasting
  5592 | D:5      | Noticed a water moccasin
  5600 | D:5      | Killed a water moccasin
  5601 | D:5      | Reached skill level 2 in Armour
  5761 | D:5      | Reached XP level 7. HP: 41/51 MP: 12/16
  6015 | D:5      | You pick up a book of Chaos and begin reading...
  6015 | D:5      | You add the spells Conjure Ball Lightning, Disjunction and
                  | Discord to your library.
  6186 | D:5      | Reached skill level 2 in Translocations
  6266 | D:5      | HP: 6/51 [orc warrior/boomerang (15)]
  6282 | D:5      | Reached skill level 3 in Armour
  7038 | D:5      | Reached skill level 5 in Spellcasting
  7311 | D:6      | Noticed Dowan
  7315 | D:6      | Noticed Duvessa
  7318 | D:6      | Killed Dowan
  7319 | D:6      | Reached skill level 3 in Translocations
  7319 | D:6      | Noticed Edmund
  7381 | D:6      | Reached XP level 8. HP: 57/58 MP: 10/19
  7767 | D:6      | Found a sand-covered staircase.
  7777 | Ossuary  | Entered an ossuary
  8245 | Ossuary  | Reached skill level 6 in Conjurations
  8649 | D:6      | Noticed Blork the orc
  8720 | D:6      | Killed Blork the orc
  8865 | D:6      | HP: 14/58 [something/magic dart (4)]
  8870 | D:6      | HP: 6/58 [something/puff of flame (9)]
  8878 | D:6      | Killed from afar by an orc wizard

Vanquished Creatures
  2 water moccasins
  An orc warrior (D:5)
  A phantom (D:5)
  Blork the orc (D:6)
  A bullfrog (D:6)
  2 scorpions
  Dowan (D:6)
  2 water moccasin skeletons
  A centaur zombie (Ossuary)
  A hound (D:5)
  A gnoll shaman (D:4)
  2 human zombies (Ossuary)
  3 orc priests (D:5)
  3 iguanas
  Terence (D:3)
  3 orc wizards (D:5)
  2 mummies (Ossuary)
  10 gnolls
  4 adders
  A white imp (D:5)
  4 ufetubi
  2 adder zombies (Ossuary)
  An adder skeleton (D:4)
  A worm (D:4)
  3 dart slugs
  15 orcs
  4 bats
  16 endoplasms
  3 giant cockroaches
  5 hobgoblins
  3 quokkas
  10 ball pythons
  2 frilled lizards (D:1)
  11 goblins
  8 hobgoblin zombies
  3 jackal zombies (Ossuary)
  7 kobolds
  9 kobold zombies (Ossuary)
  11 orc zombies (Ossuary)
  6 rats
167 creatures vanquished.

Table legend:
 A = Non-vault XP
 B = Vault XP
 C = Vault XP percentage of total XP
 D = Non-vault monster count
 E = Vault monster count
 F = Vault count percentage of total count
                 A         B        C        D         E       F
            +---------+---------+-------+---------+---------+-------
      Total |    1670 |     502 |  23.1 |     119 |      48 |  28.7
            +---------+---------+-------+---------+---------+-------
        D:1 |      46 |       0 |   0.0 |      27 |       0 |   0.0
        D:2 |      16 |       8 |  33.3 |       9 |       3 |  25.0
        D:3 |     116 |      36 |  23.7 |      19 |       1 |   5.0
        D:4 |     220 |      92 |  29.5 |      24 |       4 |  14.3
        D:5 |     999 |       0 |   0.0 |      36 |       0 |   0.0
        D:6 |     273 |     160 |  37.0 |       4 |       3 |  42.9
    Ossuary |       0 |     206 | 100.0 |       0 |      37 | 100.0
            +---------+---------+-------+---------+---------+-------

Illustrated notes

Table legend:
 A = Kills in this place as a percentage of kills in entire the game.
 B = Kills by you in this place as a percentage of kills by you in the entire game.
 C = Kills by friends in this place as a percentage of kills by friends in the entire game.
 D = Other kills in this place as a percentage of other kills in the entire game.
 E = Experience gained in this place as a percentage of experience gained in the entire game.
 F = Experience gained in this place divided by the number of levels of this place that you have seen.
                   A       B       C       D       E      F
               +-------+-------+-------+-------+-------+----------------------
         Total | 100.0 | 100.0 |   N/A |   N/A | 100.0 | 310.3
       Dungeon |  77.8 |  77.8 |   N/A |   N/A |  90.5 | 327.7
       Ossuary |  22.2 |  22.2 |   N/A |   N/A |   9.5 | 206.0
               +-------+-------+-------+-------+-------+----------------------

Table legend: (Time is in decaauts)
 A = Elapsed time spent in this place.
 B = Non-inter-level travel time spent in this place.
 C = Inter-level travel time spent in this place.
 D = Time resting spent in this place.
 E = Time spent auto-exploring this place.
 F = Levels seen in this place.
 G = Mean time per level.
                   A        B        C        D        E       F      G
               +--------+--------+--------+--------+--------+-----+--------+
         Total |   8880 |   8588 |    292 |    878 |   6276 |   7 | 1268.6 |
       Dungeon |   8023 |   7731 |    292 |    490 |   6213 |   6 | 1337.2 |
       Ossuary |    856 |    856 |      0 |    388 |     63 |   1 |  856.0 |
               +--------+--------+--------+--------+--------+-----+--------+

Top non-repeatable levels by time:
     D:5: 2359 daAuts
     D:4: 1828 daAuts
     D:1: 1431 daAuts
     D:3: 1026 daAuts
     D:2: 963 daAuts
 Ossuary: 856 daAuts
     D:6: 414 daAuts
